Map: King's Cove LE

Players

FLiqZ - Winner!

  • Race: Zerg Zerg
  • League: Diamond
  • Spawn Location: 11:00

LgS

  • Race: Protoss Protoss
  • League: Diamond
  • Spawn Location: 5:00

VOD

Have the link to the VOD?

Description

Time

  • Played on: Aug. 9, 2019, 2:19 a.m.
  • Length: 22:09
Show
View Real Time Build Order
Export as new Build Order

FLiqZ Zerg - Winner!

Build Orders: Hatch First 

Get SALT Encoding   

  12  0:00  Drone  
  13  0:12  Overlord  
  13  0:18  Drone  
  14  0:31  Drone x2  
  16  0:51  Hatchery  
  16  0:54  Drone  
  16  0:57  Drone  
  16  1:01  Drone  
  18  1:11  Extractor  
  17  1:17  Spawning Pool  
  16  1:20  Drone  
  16  1:23  Drone  
  18  1:28  Drone  
  19  1:40  Overlord  
  19  1:49  Drone  
  20  2:03  Queen x2  
  20  2:04  Zergling x2  
  20  2:05  Zergling x2  
  26  2:12  Metabolic Boost  
  26  2:14  Drone  
  27  2:18  Drone  
  28  2:24  Drone  
  28  2:26  Drone  
  30  2:34  Overlord  
  30  2:48  Drone  
  30  2:50  Hatchery  
  30  2:51  Drone  
  31  2:55  Drone x2  
  33  2:59  Drone  
  34  3:06  Overlord  
  34  3:08  Drone  
  34  3:11  Drone x2  
  37  3:13  Drone  
  37  3:17  Drone  
  37  3:18  Drone  
  40  3:20  Drone  
  40  3:22  Drone  
  40  3:26  Overlord  
  42  3:28  Drone  
  43  3:35  Roach Warren  
  43  3:37  Drone  
  43  3:43  Drone x3  
  43  3:48  Extractor x2  
  45  3:49  Queen  
  45  3:54  Drone x2  
  45  3:55  Drone  
  49  3:57  Drone  
  49  4:01  Drone x2  
  49  4:02  Drone  
  53  4:09  Queen  
  55  4:17  Lair  
  55  4:18  Evolution Chamber, Drone  
  55  4:19  Drone  
  56  4:32  Drone x7  
  56  4:33  Drone x2  
  65  4:44  Overlord x3  
  65  4:51  Zerg Missile Weapons Level 1  
  65  4:54  Overlord  
  65  4:55  Overlord  
  65  4:57  Extractor x2  
  63  5:04  Roach  
  63  5:05  Roach x6  
  79  5:07  Roach  
  79  5:09  Roach  
  81  5:16  Overlord x3  
  81  5:18  Overlord  
  81  5:20  Glial Reconstitution  
  81  5:25  Drone x2  
  81  5:26  Drone x2  
  81  5:27  Drone  
  81  5:28  Drone  
  85  5:31  Overseer  
  85  5:32  Overseer  
  69  6:00  Roach  
  69  6:26  Roach x3  
  75  6:40  Drone x2  
  75  6:41  Drone x4  
  75  6:42  Drone  
  75  6:43  Drone  
  83  6:48  Overseer x2  
  83  6:55  Zerg Missile Weapons Level 2  
  83  6:57  Drone x2  
  83  6:58  Drone  
  83  6:59  Drone  
  87  7:09  Queen  
  87  7:12  Drone x2  
  87  7:13  Drone x3  
  87  7:14  Drone  
  87  7:15  Drone  
  96  7:19  Drone  
  97  7:36  Roach  
  105  7:37  Roach x4  
  105  7:40  Pneumatized Carapace  
  107  7:45  Roach x4  
  107  7:46  Roach  
  107  7:48  Spore Crawler  
  107  7:49  Drone  
  117  7:52  Hatchery  
  117  7:56  Roach x3  
  110  8:01  Zergling x2  
  110  8:02  Zergling x4  
  111  8:12  Ravager x4  
  116  8:13  Ravager x2  
  116  8:14  Roach x5  
  116  8:15  Roach  
  116  8:16  Overlord x2  
  129  8:21  Drone  
  129  8:26  Overlord x2  
  129  8:27  Overlord x2  
  130  8:42  Roach x2  
  130  8:43  Roach x6  
  130  8:46  Drone  
  130  8:47  Hydralisk Den  
  146  8:55  Zergling x10  
  144  9:07  Roach  
  144  9:08  Roach x9  
  149  9:15  Roach  
  149  9:16  Roach  
  140  9:22  Ravager x2  
  140  9:23  Ravager  
  140  9:24  Ravager  
  142  9:27  Zerg Melee Weapons Level 1  
  142  9:31  Grooved Spines, Hydralisk  
  142  9:32  Extractor, Hydralisk  
  145  9:41  Roach x5  
  145  9:43  Queen  
  145  9:45  Drone x3  
  159  9:46  Drone x4  
  159  9:47  Drone  
  163  9:57  Roach x2  
  163  9:58  Roach x2  
  147  10:04  Roach x2  
  147  10:05  Roach x4  
  139  10:13  Roach x4  
  139  10:14  Roach  
  128  10:21  Zergling x2  
  128  10:22  Zergling x10, Baneling Nest  
  128  10:25  Ravager  
  128  10:26  Ravager  
  135  10:32  Hydralisk x4  
  143  10:37  Ravager  
  143  10:39  Zergling x12  
  143  10:40  Zergling x2  
  151  10:43  Muscular Augments  
  148  10:55  Spore Crawler  
  143  10:57  Spine Crawler  
  143  11:01  Drone x3, Spore Crawler  
  143  11:02  Spine Crawler, Drone  
  144  11:12  Zergling x18  
  144  11:13  Zergling x12  
  159  11:18  Centrifical Hooks  
  159  11:20  Zergling x6  
  159  11:23  Baneling  
  159  11:24  Baneling x6  
  159  11:25  Baneling  
  162  11:26  Baneling x2  
  162  11:38  Hydralisk  
  162  11:39  Hydralisk x4  
  172  11:50  Baneling  
  172  11:51  Baneling x15  
  172  11:54  Roach  
  152  12:04  Zergling x18  
  149  12:10  Roach x3  
  121  12:28  Spire  
  120  12:30  Baneling  
  120  12:31  Baneling x17  
  120  12:32  Roach  
  120  12:33  Roach x2  
  120  12:36  Drone x3  
  129  12:37  Drone  
  130  12:50  Drone x3  
  130  12:51  Drone x6  
  136  12:55  Extractor  
  136  12:58  Zerg Melee Weapons Level 2  
  138  13:00  Extractor  
  137  13:08  Overseer  
  137  13:13  Hydralisk x5  
  137  13:14  Roach x3  
  137  13:19  Drone  
  155  13:20  Drone x3  
  157  13:28  Roach  
  159  13:37  Hatchery  
  158  13:48  Hydralisk x5, Roach x2  
  162  13:49  Roach x2  
  162  13:50  Infestation Pit  
  175  14:01  Spore Crawler  
  175  14:02  Drone x2  
  176  14:03  Spine Crawler  
  176  14:06  Hydralisk x2  
  176  14:07  Roach x2  
  183  14:10  Spine Crawler x2  
  181  14:22  Overseer  
  181  14:25  Hydralisk  
  180  14:32  Zergling x8  
  184  14:43  Hydralisk x5  
  184  14:44  Hydralisk, Roach x4  
  175  14:48  Hydralisk  
  175  14:49  Hydralisk x2, Roach x3  
  144  14:59  Baneling  
  142  15:00  Hydralisk x2, Baneling x7  
  142  15:01  Roach  
  148  15:16  Hydralisk x4, Roach  
  148  15:17  Roach x3  
  164  15:26  Spine Crawler  
  164  15:27  Zergling x6, Spine Crawler x2  
  162  15:43  Hydralisk x4  
  162  15:44  Hydralisk, Roach x3  
  177  15:57  Baneling x6  
  177  16:00  Overlord x2  
  177  16:02  Drone  
  173  16:13  Hydralisk x2  
  173  16:14  Hydralisk x4, Roach x2  
  173  16:15  Roach  
  168  16:20  Hydralisk  
  168  16:21  Roach x2  
  145  16:28  Hydralisk x2, Roach  
  147  16:40  Corruptor x3  
  153  16:57  Hatchery  
  152  17:04  Zergling x10  
  157  17:15  Extractor  
  157  17:16  Hive  
  157  17:17  Extractor  
  155  17:23  Zergling x2  
  155  17:24  Zergling x8  
  159  17:50  Baneling  
  159  17:51  Baneling x5  
  151  17:53  Corruptor x3  
  151  17:54  Corruptor x2  
  161  17:59  Corruptor  
  163  18:08  Drone x5  
  163  18:09  Drone  
  169  18:32  Hydralisk x7  
  183  18:37  Zerg Flyer Weapons Level 1  
  183  18:52  Hatchery  
  183  18:55  Hydralisk x2  
  168  18:56  Hydralisk x2, Roach x2  
  168  19:02  Hydralisk x2  
  137  19:03  Roach  
  137  19:08  Zergling x2  
  137  19:09  Zergling x8  
  132  19:17  Hydralisk  
  132  19:18  Hydralisk, Roach x2  
  140  19:31  Hydralisk  
  140  19:32  Roach  
  140  19:35  Baneling x4  
  140  19:36  Baneling x4  
  140  19:37  Baneling  
  144  19:51  Hydralisk x5, Roach  
  144  19:52  Hydralisk, Roach x2  
  164  19:53  Roach  
  164  20:08  Roach x8  
  180  20:17  Corruptor  
  180  20:18  Corruptor  
  182  20:38  Spore Crawler  
  182  20:39  Spine Crawler  
  176  20:47  Drone  
  176  20:48  Drone x9  
  186  21:02  Hydralisk x3  
  186  21:03  Hydralisk, Roach x3  
  191  21:27  Hydralisk x2  
  191  21:28  Roach x2  
  199  21:39  Hydralisk, Roach  
  198  21:45  Zergling x2  
  198  21:46  Zergling x12  
  198  21:47  Zergling x16  
  174  21:56  Hydralisk Den  
Show
View Real Time Build Order
Export as new Build Order

LgS Protoss 

Build Orders: 1 Gate Expand, Archon Immortal, Dark Templar Rush 

Get SALT Encoding   

  12  0:01  Probe  
  13  0:13  Probe  
  14  0:20  Pylon  
  14  0:25  Probe  
  15  0:35  Probe  
  15  0:40  Gateway  
  16  0:43  Probe  
  17  0:53  Probe  
  18  1:20  Nexus  
  18  1:29  Cybernetics Core  
  18  1:32  Probe  
  19  1:43  Probe  
  20  1:48  Pylon  
  20  1:51  Probe  
  20  1:55  Assimilator  
  20  1:59  Assimilator, Probe  
  22  2:11  Probe  
  23  2:15  Zealot  
  23  2:21  Probe  
  25  2:28  Probe  
  25  2:29  Probe  
  26  2:36  Probe, Warp Gate  
  28  2:40  Probe  
  30  2:44  Pylon  
  30  2:46  Probe  
  30  2:48  Assimilator  
  31  2:53  Probe  
  32  3:01  Probe  
  32  3:05  Probe  
  34  3:06  Twilight Council  
  34  3:13  Probe  
  34  3:14  Robotics Facility  
  34  3:17  Probe  
  36  3:25  Probe  
  36  3:26  Probe  
  38  3:34  Probe  
  38  3:38  Probe  
  40  3:43  Pylon  
  40  3:46  Dark Shrine, Probe  
  41  3:50  Probe  
  42  3:57  Gateway  
  42  3:58  Warp Prism  
  42  4:00  Gateway  
  42  4:02  Gateway  
  44  4:12  Assimilator  
  44  4:13  Probe x2  
  46  4:25  Stalker  
  48  4:58  Dark Templar x2  
  48  4:59  Dark Templar  
  54  5:15  Probe x2  
  54  5:19  Observer  
  54  5:20  Forge  
  54  5:21  Sentry  
  59  5:27  Probe  
  60  5:31  Dark Templar  
  60  5:35  Pylon  
  62  5:52  Probe x2  
  62  5:53  Immortal  
  66  5:59  Dark Templar x2  
  66  6:03  Pylon  
  70  6:06  Protoss Ground Weapons Level 1  
  70  6:08  Probe x2  
  70  6:09  Nexus  
  70  6:10  Charge, Pylon  
  70  6:19  Pylon  
  70  6:21  Probe x2, Archon  
  72  6:30  Zealot  
  72  6:31  Zealot x3  
  72  6:32  Immortal  
  84  6:44  Gateway x2  
  84  6:46  Photon Cannon  
  84  6:47  Gateway  
  84  6:52  Probe x2  
  84  6:53  Assimilator  
  86  6:55  Assimilator, Sentry x2  
  86  6:56  Dark Templar  
  92  7:04  Probe  
  92  7:13  Dark Templar  
  94  7:20  Probe x2  
  96  7:23  Archon  
  96  7:29  Zealot x2  
  100  7:30  Zealot  
  100  7:32  Probe x2  
  100  7:33  Probe  
  105  7:37  Immortal  
  109  7:45  Pylon  
  109  7:46  Gateway  
  109  7:48  Photon Cannon  
  109  7:57  Probe x3  
  108  8:03  Protoss Ground Weapons Level 2  
  108  8:06  Photon Cannon  
  108  8:09  Probe x3  
  108  8:10  Dark Templar x3  
  108  8:11  Gateway  
  117  8:16  Shield Battery  
  117  8:19  Archon  
  117  8:27  Pylon x2  
  117  8:37  Robotics Bay  
  117  8:45  Immortal, Probe x3  
  124  8:51  Dark Templar x3  
  124  8:52  Dark Templar  
  132  8:56  Archon x2  
  110  9:09  Zealot x4  
  102  9:24  Dark Templar x4  
  102  9:29  Sentry x2  
  102  9:30  Zealot x2  
  118  9:33  Archon x2  
  118  9:43  Nexus  
  118  9:44  Pylon  
  102  10:00  Zealot x2  
  102  10:01  Zealot  
  102  10:02  Zealot x2  
  102  10:03  Zealot  
  102  10:05  Colossus  
  100  10:08  Extended Thermal Lance  
  92  10:15  Zealot  
  92  10:16  Zealot  
  98  10:25  Sentry x2  
  98  10:26  Dark Templar x3  
  98  10:27  Zealot  
  110  10:30  Archon  
  110  10:41  Protoss Ground Weapons Level 3  
  110  10:47  Probe x2  
  110  10:48  Dark Templar x2  
  110  10:49  Dark Templar  
  118  10:52  Zealot x2  
  118  10:53  Archon  
  118  10:56  Archon  
  122  10:57  Colossus  
  122  11:03  Pylon x2, Zealot x2  
  122  11:04  Zealot  
  126  11:18  Probe x3  
  135  11:22  Assimilator  
  135  11:26  Assimilator  
  135  11:27  Gateway  
  135  11:28  Shield Battery  
  135  11:33  Gateway  
  135  11:35  Pylon  
  135  11:43  Dark Templar  
  135  11:44  Dark Templar x2  
  135  11:46  Dark Templar, Zealot x4  
  151  11:48  Archon  
  151  11:50  Archon  
  113  12:12  Zealot x2  
  113  12:13  Zealot x2  
  101  12:17  Zealot x2  
  101  12:18  Zealot x2  
  97  12:24  Dark Templar  
  97  12:28  Dark Templar  
  101  12:32  Archon  
  101  12:37  Dark Templar x5  
  103  12:38  Dark Templar  
  103  12:41  Archon x2  
  103  12:42  Archon  
  113  12:51  Shield Battery  
  113  12:53  Shield Battery  
  113  12:54  Dark Templar x2  
  117  13:00  Archon  
  117  13:01  Zealot x2  
  121  13:08  Pylon  
  121  13:09  Warp Prism  
  121  13:10  Pylon  
  121  13:12  Zealot x5  
  129  13:13  Zealot  
  129  13:15  Protoss Ground Armor Level 1  
  135  13:24  Sentry x2  
  139  13:30  Colossus  
  139  13:32  Dark Templar x2  
  139  13:33  Zealot x2  
  145  13:37  Stalker x2  
  145  13:38  Zealot x2  
  145  13:40  Archon  
  159  14:09  Dark Templar x3, Sentry  
  167  14:10  Dark Templar x2  
  167  14:11  Zealot x2  
  167  14:12  Zealot x2  
  167  14:14  Archon x2  
  179  14:17  Observer  
  178  14:31  Observer  
  178  14:32  Zealot x2  
  178  14:33  Zealot x3  
  115  14:55  Dark Templar x5  
  115  14:56  Dark Templar x2  
  129  15:02  Archon x3  
  129  15:03  Dark Templar  
  129  15:04  Zealot x2  
  135  15:09  Archon  
  135  15:27  Zealot x4  
  135  15:28  Protoss Ground Armor Level 2, Zealot x5  
  153  15:38  Colossus  
  153  15:54  Dark Templar x5  
  153  15:55  Dark Templar  
  165  15:57  Zealot x4  
  165  15:59  Archon  
  165  16:00  Archon x2  
  123  16:26  Dark Templar x5  
  133  16:38  Colossus  
  137  16:53  Nexus  
  131  16:55  Pylon  
  131  17:01  Zealot x4  
  133  17:02  Zealot x6  
  151  17:14  Pylon  
  151  17:17  Pylon  
  151  17:18  Gateway  
  151  17:25  Shield Battery  
  151  17:27  Dark Templar x5  
  151  17:28  Sentry  
  151  17:29  Shield Battery  
  163  17:32  Archon x2  
  155  17:47  Protoss Ground Armor Level 3  
  155  17:50  Stalker x2  
  155  17:51  Stalker, Zealot x2  
  159  18:02  Warp Prism  
  161  18:08  Assimilator  
  161  18:11  Assimilator  
  161  18:13  Templar Archives  
  161  18:20  Gateway  
  161  18:22  Pylon, Zealot  
  161  18:25  Zealot  
  165  18:29  Zealot  
  167  18:37  Stalker x2  
  163  19:00  Psionic Storm  
  107  19:11  Dark Templar x2  
  107  19:13  High Templar x2  
  109  19:18  Immortal  
  109  19:19  Archon  
  109  19:21  Zealot x2  
  109  19:22  Zealot x4  
  125  19:28  Photon Cannon  
  125  19:35  Pylon  
  125  19:46  High Templar x3  
  125  19:49  Zealot x4  
  125  19:50  Zealot  
  141  20:07  Dark Templar x2, Immortal  
  145  20:18  Pylon, Sentry  
  145  20:19  Sentry  
  153  20:22  Sentry  
  153  20:59  Dark Templar  
  153  21:00  Dark Templar  
  155  21:13  Zealot  
  155  21:14  Zealot x6  
  155  21:15  Zealot  
  169  21:22  Immortal  
  153  21:47  Zealot x6  
Tags
 
Add a new tag
Caveats
  • Supply blocks, unpowered buildings, or Contaminate may cause inaccurate times.
  • Supply counts are checked every 10 seconds.